 Dungeon Crawl Stone Soup version 0.29.0-13-gc9e81de378 (webtiles) character file.

Game seed: 18281062420749625367

1 Persephone the Trooper (level 1, -1/18 HPs)
             Began as a Demonspawn Fighter on Sept 7, 2022.
             Slain by a kobold
             ... wielding a +0 club
              (2 damage)
             ... on level 1 of the Dungeon.
             The game lasted 00:00:14 (47 turns).

Persephone the Trooper (Demonspawn Fighter)           Turns: 47, Time: 00:00:15

Health: -1/18      AC:  6    Str: 16    XL:     1   Next: 16%
Magic:  1/1        EV:  5    Int:  9    God:
Gold:   0          SH:  4    Dex: 12    Spells: 0/0 levels left

rFire   . . .      SeeInvis .   a - +0 flail
rCold   . . .      Faith    .   c - +0 buckler
rNeg    . . .      Spirit   .   b - +0 scale mail
rPois   .          Reflect  .   (no helmet)
rElec   .          Harm     .   (no cloak)
rCorr   .          Rampage  .   (no gloves)
Will    .....                   (no boots)
Stlth   ..........              (no amulet)
HPRegen 0.06/turn               (no ring)
MPRegen 0.07/turn               (no ring)

@: constricted
A: no striking features
a: no special abilities


You were on level 1 of the Dungeon.
You visited 1 branch of the dungeon, and saw 1 of its levels.

Inventory:

Hand Weapons
 a - a +0 flail (weapon)
Armour
 b - a +0 scale mail (worn)
 c - a +0 buckler (worn)
Potions
 d - a potion of might


   Skills:
 + Level 3.0 Fighting
 + Level 1.8 Maces & Flails
 + Level 2.7 Armour
 + Level 2.7 Shields


You couldn't memorise any spells.
You didn't know any spells.
Your spell library was empty.

Dungeon Overview and Level Annotations

Branches:
Dungeon (1/15)

Altars:


Message History

The kobold is heavily wounded.
The hobgoblin hits you but does no damage.
The kobold hits you but does no damage.
You hit the fungus.
The fungus begins to die.
The fungus is lightly damaged.
The hobgoblin closely misses you. The kobold barely misses you.
The ball python barely misses you. The ball python grabs you.
The ball python constricts you. The ball python bites you.
You escape the ball python's grasp.
The ball python attacks as you move away!
The ball python bites you.
The ball python bites you but does no damage.
The ball python grabs you. The ball python constricts you.
You sock the ball python!
You kill the ball python!
A nearby fungus withers and dies.
The ball python barely misses you. The ball python grabs you.
The ball python constricts you. You block the ball python's attack.
The ball python constricts you. You block the frilled lizard's attack.
The hobgoblin hits you.
* * * LOW HITPOINT WARNING * * *
The ball python loses its grip on you.
The hobgoblin hits you but does no damage.
The frilled lizard barely misses you.
The ball python bites you but does no damage.
You block the ball python's attack. The ball python misses you.
The ball python grabs you. The ball python constricts you.
You block the frilled lizard's attack. You block the hobgoblin's attack.
The ball python bites you but does no damage. x2
The ball python constricts you.
* * * LOW HITPOINT WARNING * * *
The hobgoblin hits you.
* * * LOW HITPOINT WARNING * * *
A jackal comes into view.
The ball python closely misses you.
The ball python bites you but does no damage.
The ball python constricts you. You block the ball python's attack.
The hobgoblin hits you but does no damage.
The frilled lizard bites you but does no damage.
The kobold hits you with a +0 club.
You die...

...........h....
#..lr..S.....
###..S####.r!..
###....## .h.
###.....## .
##..[...##
.......h###
###...~hSS##
###....lK@.#
#...~...gl.##
≈~......r...#
~#...P......#
#...P.P~...#
#~..P.~..~..##
..~.....~~~..##
~P......~P.P..#
~...~....P.P..#


You could see 2 jackals, a hobgoblin, 2 ball pythons, a kobold, 2 frilled
lizards and a rat.

Vanquished Creatures
  A ball python (D:1)
  A rat (D:1)
2 creatures vanquished.

Vanquished Creatures (others)
  A fungus (D:1)
1 creature vanquished.

Grand Total: 3 creatures vanquished

Notes
Turn   | Place    | Note
-------+----------+-------------------------------------------
     0 | D:1      | Persephone the Demonspawn Fighter began the quest for the
                  | Orb.
     0 | D:1      | Reached XP level 1. HP: 18/18 MP: 1/1
    47 | D:1      | Slain by a kobold

Illustrated notes

Levels and vault maps discovered:
D:1:      lemuel_arrival_muddy, layout_rooms

Action                   || total
-------------------------++-------
Melee: Flail             ||     9
Armor: Scale mail        ||    16
Dodge: Dodged            ||    15
Block: Buckler           ||    10
